 Dungeon Sprint DCSS version 0.27-a0-277-g024f7ef292 (webtiles) character file.

Game seed: 14664117467995243247

1176 mhtbhm the Fighter (level 8, 0/123 HPs)
             Began as a Minotaur Fighter on Feb 7, 2021.
             Was a High Priest of Trog.
             Slain by a bog body (14 damage)
             ... in the Dungeon (Sprint VII: "The Pits").
             The game lasted 00:01:39 (777 turns).

mhtbhm the Fighter (Minotaur Fighter)                Turns: 777, Time: 00:01:40

Health: 0/123      AC: 17    Str: 22    XL:     8   Next: 18%
Magic:  7/7        EV:  8    Int:  5    God:    Trog [*****.]
Gold:   0          SH: 12    Dex: 11    Spells: 7/7 levels left

rFire    . . .     SeeInvis .   a - +1 broad axe (vorpal)
rCold    . . .     Faith    .   c - +0 kite shield
rNeg     . . .     Spirit   .   b - +4 chain mail
rPois    .         Reflect  .   (helmet restricted)
rElec    .         Harm     .   (no cloak)
rCorr    .         Rampage  .   q - +0 pair of gloves
Will     .....     NoTele   +   (no boots)
Stlth    ..........             (no amulet)
HPRegen  0.30/turn              (no ring)
MPRegen  0.10/turn              (no ring)

@: berserking, slowed
A: retaliatory headbutt, horns 2
a: Renounce Religion, Berserk, Trog's Hand, Brothers in Arms


You were in the Dungeon.
You worshipped Trog.
Trog was extremely pleased with you.
You visited 1 branch

Inventory:

Hand Weapons
 a - a +1 vorpal broad axe (weapon)
Armour
 b - a +4 chain mail (worn)
 c - a +0 kite shield (worn)
 q - a +0 pair of gloves (worn)
Jewellery
 n - a +3 ring of evasion
 o - a +3 ring of dexterity
Scrolls
 j - a scroll of blinking
 l - 3 scrolls of remove curse
 m - a scroll of summoning
Potions
 d - a potion of might
 e - 7 potions of curing
 f - 15 potions of heal wounds
 g - a potion of haste
 h - 4 potions of magic
 i - 4 potions of berserk rage
 k - 2 potions of invisibility
 p - a potion of mutation


   Skills:
 + Level 11.3 Fighting
 + Level 11.1 Axes
 + Level 11.1 Armour
 + Level 1.9 Dodging
 + Level 11.0 Shields


You had 7 spell levels left.
You didn't know any spells.
Your spell library was empty.

Dungeon Overview and Level Annotations

Branches:
Dungeon (1/1)

Altars:
Ashenzari
Cheibriados
Dithmenos
Elyvilon
Fedhas
Gozag
Hepliaklqana
Kikubaaqudgha
Makhleb
Nemelex Xobeh
Okawaru
Qazlal
Ru
Sif Muna
Trog
Uskayaw
Vehumet
Wu Jian
Xom
Yredelemnul
Zin
The Shining One
Beogh
Jiyva
Lugonu


Innate Abilities, Weirdness & Mutations

You reflexively headbutt those who attack you in melee.
You have a pair of horns on your head.


Message History

You are too injured to fight recklessly!
Unknown command.
You feel much better. Something completely misses you.
The bog body casts a spell at you.
You feel as though you will be slow longer.
A red film seems to cover your vision as you go berserk!
You feel yourself moving faster!
You feel mighty! Something hits you! Something drains your vigour!
You feel as though you will be slow longer.
The bog body touches you. The bog body freezes you!!
* * * LOW HITPOINT WARNING * * *
Something hits you.
* * * LOW HITPOINT WARNING * * *
The bog body touches you but does no damage.
You closely miss the bog body. You headbutt the bog body!
The bog body is severely damaged.
You hit something. Something hits you!
* * * LOW HITPOINT WARNING * * *
The bog body touches you!
You die...

#####++##########
............##..#
..#..#......##..#
............''..#
............''..########
..#..#......##..@n......
............##...{......
#####++#################
...# ...# ...# ...# ...#
...#


You could see a bog body.

Vanquished Creatures
  A rime drake (D)
  A flying skull (D)
  A wyvern (D)
  Menkaure (D)
  A floating eye (D)
  An ice beast (D)
  A swamp drake (D)
  An ogre (D)
  A phantom (D)
  A jelly (D)
  A river rat (D)
  2 oozes (D)
  2 leopard geckos (D)
  An orc (D)
  A bat skeleton (D)
  A bat zombie (D)
  A giant cockroach (D)
  2 hobgoblins (D)
  A ball python skeleton (D)
  2 kobolds (D)
  A leopard gecko skeleton (D)
25 creatures vanquished.

Notes
Turn   | Place    | Note
-------+----------+-------------------------------------------
     0 | D        | mhtbhm the Minotaur Fighter began the quest for the Orb.
     0 | D        | Reached XP level 1. HP: 19/19 MP: 0/0
    13 | D        | Noticed a floating eye
    15 | D        | Paralysed by a floating eye for 3 turns
    20 | D        | Killed a floating eye
    21 | D        | Reached XP level 2. HP: 34/34 MP: 1/1
    21 | D        | Reached XP level 3. HP: 39/39 MP: 2/2
    21 | D        | Reached XP level 4. HP: 47/47 MP: 3/3
    25 | D        | Found a bloodstained altar of Trog.
    25 | D        | Found a shimmering blue altar of Sif Muna.
    25 | D        | Found a viscous altar of Jiyva.
    25 | D        | Found a hazy altar of Hepliaklqana.
    25 | D        | Found an opulent altar of Gozag.
    26 | D        | Found a glowing golden altar of the Shining One.
    26 | D        | Found a glowing silver altar of Zin.
    26 | D        | Found a basalt altar of Yredelemnul.
    26 | D        | Found a shimmering altar of Xom.
    26 | D        | Found an ornate altar of the Wu Jian Council.
    26 | D        | Found a sacrificial altar of Ru.
    26 | D        | Found a stormy altar of Qazlal.
    26 | D        | Found an iron altar of Okawaru.
    26 | D        | Found a sparkling altar of Nemelex Xobeh.
    26 | D        | Found a burning altar of Makhleb.
    26 | D        | Found a blossoming altar of Fedhas.
    26 | D        | Found a white marble altar of Elyvilon.
    26 | D        | Found a shadowy altar of Dithmenos.
    26 | D        | Found a snail-covered altar of Cheibriados.
    28 | D        | Found a radiant altar of Vehumet.
    28 | D        | Found a corrupted altar of Lugonu.
    28 | D        | Found a roughly hewn altar of Beogh.
    30 | D        | Became a worshipper of Trog the Wrathful
    76 | D        | Reached * piety under Trog
    92 | D        | Noticed a phantom
    98 | D        | Reached ** piety under Trog
    99 | D        | Killed a phantom
   100 | D        | Reached skill level 5 in Axes
   100 | D        | Reached XP level 5. HP: 55/55 MP: 4/4
   164 | D        | Noticed Menkaure
   164 | D        | Noticed a flying skull
   170 | D        | Reached *** piety under Trog
   172 | D        | Killed a flying skull
   173 | D        | Reached XP level 6. HP: 38/64 MP: 5/5
   177 | D        | Killed Menkaure
   177 | D        | Reached **** piety under Trog
   178 | D        | Reached skill level 10 in Fighting
   178 | D        | Reached skill level 1 in Dodging
   335 | D        | Noticed an ice beast
   342 | D        | Killed an ice beast
   343 | D        | Reached XP level 7. HP: 58/72 MP: 6/6
   352 | D        | Reached skill level 10 in Armour
   352 | D        | Reached skill level 10 in Shields
   542 | D        | Reached ***** piety under Trog
   550 | D        | Received a gift from Trog
   617 | D        | Noticed a rime drake
   617 | D        | Noticed a wyvern
   621 | D        | Killed a wyvern
   622 | D        | Reached skill level 10 in Axes
   627 | D        | Killed a rime drake
   628 | D        | Reached XP level 8. HP: 82/82 MP: 7/7
   633 | D        | Found the +2 Maxwell's thermic engine {flame, freeze}
   740 | D        | Found a hide-covered altar of Uskayaw.
   740 | D        | Found an ancient bone altar of Kikubaaqudgha.
   740 | D        | Found a broken altar of Ashenzari.
   767 | D        | Noticed a bog body
   777 | D        | Slain by a bog body

Illustrated notes

Levels and vault maps discovered:
D:        pitsprint [storerooms_1, entrance_room_1, metal_vault_1, armoury_1,
          mini_pit_1, grid_room_1, main_hall_1, silver_pit, the_coven_1,
          the_vestibule_1, steel_vault_2, golden_pit, hallway_of_sentries,
          crystal_vault_4, iron_vault_2, final_vault]

Skill      XL: |  1  2  3  4  5  6  7 |
---------------+----------------------+-----
Fighting       | 7 8 9 10 11 | 11.3
Axes           | 4 5 7 8 11 | 11.1
Armour         | 6 7 9 11 | 11.1
Shields        | 6 8 9 11 | 11.0
Dodging        | 1 |  1.9

Action                   |  1- 3 |  4- 6 |  7- 9 || total
-------------------------+-------+-------+-------++-------
Melee: War axe           |     4 |       |       ||     4
       Headbutt          |     1 |     6 |     6 ||    13
       Hand axe          |       |    32 |    28 ||    60
       Broad axe         |       |       |     5 ||     5
Invok: Berserk           |       |     2 |     2 ||     4
  Use: Potion            |       |       |     1 ||     1
Armor: Scale mail        |       |     2 |       ||     2
       Chain mail        |       |     6 |     8 ||    14
Dodge: Dodged            |       |     5 |     4 ||     9
Block: Kite shield       |       |    14 |    16 ||    30

Table legend: (Time is in decaauts)
 A = Elapsed time spent in this place.
 B = Non-inter-level travel time spent in this place.
 C = Inter-level travel time spent in this place.
 D = Time resting spent in this place.
 E = Time spent auto-exploring this place.
 F = Levels seen in this place.
 G = Mean time per level.
                   A        B        C        D        E       F      G
               +--------+--------+--------+--------+--------+-----+--------+
         Total |    802 |    802 |      0 |    394 |     78 |   1 |  802.0 |
       Dungeon |    802 |    802 |      0 |    394 |     78 |   1 |  802.0 |
               +--------+--------+--------+--------+--------+-----+--------+

Top non-repeatable levels by time:
       D: 802 daAuts
